 Dungeon Crawl Stone Soup version 0.26-a0-712-ga5a9c9c9d0 (webtiles) character file.

Game seed: 8165216688940561871

5833 Apogee the Slicer (level 10, -6/56 HPs)
             Began as a Vine Stalker Fighter on Nov 13, 2020.
             Was an Elder of Okawaru.
             Mangled by a killer bee (7 damage)
             ... on level 9 of the Dungeon.
             The game lasted 00:14:26 (8006 turns).

Apogee the Slicer (Vine Stalker Fighter)            Turns: 8006, Time: 00:14:27

Health: -6/56      AC: 11    Str: 22    XL:     10   Next: 80%
Magic:  0/17       EV: 10    Int:  8    God:    Okawaru [****..]
Gold:   192        SH:  0    Dex: 14    Spells: 9/9 levels left

rFire    . . .     SeeInvis .   a - +2 dagger (drain)
rCold    . . .     Faith    .   (no shield)
rNeg     . . .     Spirit   +   A - +0 chain mail
rPois    .         Reflect  .   H - +2 hat
rElec    .         Harm     .   w - scarf {+Inv}
rCorr    .         Rampage  .   (no gloves)
MR       +....                  (no boots)
Stlth    ..........             (no amulet)
HPRegen  0.58/turn              (no ring)
MPRegen  0.15/turn              (no ring)

@: lethally poisoned (-6 -> -7)
A: fangs 3, regeneration 1, magic shield, antimagic bite, no potion heal 3, rot
immunity
a: Heroism, Renounce Religion, Evoke Invisibility


You were on level 9 of the Dungeon.
You worshipped Okawaru.
Okawaru was greatly pleased with you.
You visited 2 branches of the dungeon, and saw 10 of its levels.

You collected 452 gold pieces.
You spent 260 gold pieces at shops.

Inventory:

Hand Weapons
 a - a +2 dagger of draining (weapon)
   (You took it off an orc wizard on level 2 of the Dungeon)
 b - a +1 dagger of holy wrath
   (You took it off an orc wizard on level 3 of the Dungeon)
 m - a +0 rapier
 C - a +1 dagger of venom
   (You took it off an orc wizard on level 6 of the Dungeon)
Armour
 c - a +0 kite shield
 w - a scarf of invisibility (worn)
   (You found it on level 5 of the Dungeon)
 A - a +0 chain mail (worn)
   (You found it on level 5 of the Dungeon)
 H - a +2 hat (worn)
   (You took it off Gastronok on level 8 of the Dungeon)
Jewellery
 h - a +4 ring of slaying {unknown}
   (You found it on level 1 of the Dungeon)
 i - a +6 ring of intelligence {unknown}
   (You found it on level 1 of the Dungeon)
 q - an uncursed amulet of the acrobat
   (You took it off an orc wizard on level 3 of the Dungeon)
 s - an uncursed ring of poison resistance {unknown}
   (You found it on level 4 of the Dungeon)
 D - an uncursed ring of fire {unknown}
   (You found it on level 7 of the Dungeon)
 E - an uncursed ring of stealth {unknown}
   (You found it on level 7 of the Dungeon)
Wands
 t - a wand of flame (17)
   (You found it on level 4 of the Dungeon)
 u - a wand of paralysis (3)
   (You took it off Ijyb on level 5 of the Dungeon)
 x - a wand of acid (5)
   (You found it on level 8 of the Dungeon)
Scrolls
 e - 8 scrolls of teleportation {unknown}
 g - 10 scrolls of identify {unknown}
 j - 12 scrolls of remove curse {unknown}
 l - 4 scrolls of amnesia {unknown}
 n - 2 scrolls of random uselessness
 o - 6 scrolls of magic mapping {unknown}
 v - a scroll of enchant weapon {unknown}
 F - a scroll of fear {unknown}
 J - a scroll of blinking {unknown}
Potions
 d - 3 potions of might
 f - 3 potions of flight
 k - 3 potions of stabbing {unknown}
 p - a potion of lignification {unknown}
 r - 3 potions of curing {@q1}
 z - 3 potions of haste {unknown}
 B - 2 potions of mutation {unknown}
 K - a potion of cancellation {unknown}
Miscellaneous
 I - a condenser vane (2/2)
   (You bought it in a shop on level 8 of the Dungeon)


   Skills:
 - Level 8.0 Fighting
 - Level 8.0 Short Blades
 - Level 4.0 Armour
 - Level 4.0 Dodging
 - Level 2.6 Shields
 - Level 8.0 Invocations
 + Level 2.7 Evocations


You had 9 spell levels left.
You didn't know any spells.
Your spell library contained the following spells:

 Spells                   Type           Power        Failure   Level
 Animate Skeleton         Necr           #.....       98%         1
 Corona                   Hex            #......      98%         1
 Pain                     Necr           #...         98%         1
 Sting                    Tmut/Pois      #...         98%         1
 Poisonous Vapours        Pois/Air       #.....       99%         2
 Confusing Touch          Hex            #.......     100%        3
 Gell's Gravitas          Tloc           #.........   100%        3
 Ignite Poison            Fire/Tmut/Pois #.......     100%        3
 Mephitic Cloud           Conj/Pois/Air  #.......     100%        3
 Vampiric Draining        Necr           #.........   100%        3
 Animate Dead             Necr           #.........   100%        4
 Olgreb's Toxic Radiance  Pois           #.......     100%        4
 Petrify                  Tmut/Erth      #.......     100%        4
 Agony                    Necr           #.......     100%        5
 Fireball                 Conj/Fire      #.........   100%        5
 Metabolic Englaciation   Hex/Ice        #.........   100%        5
 Yara's Violent Unravell  Hex/Tmut       #.........   100%        5
 Orb of Destruction       Conj           #.........   100%        7
 Spellforged Servitor     Conj/Summ      #.........   100%        7


Dungeon Overview and Level Annotations

Branches:
Dungeon (9/15)             Temple (1/1) D:5
   Lair: D:8-11         Orc: D:9-12

Altars:
Ashenzari
Cheibriados
Dithmenos
Elyvilon
Fedhas
Gozag
Hepliaklqana
Kikubaaqudgha
Makhleb
Nemelex Xobeh
Okawaru
Qazlal
Ru
Sif Muna
Trog
Uskayaw
Vehumet
Xom
Yredelemnul
Zin
The Shining One
Lugonu

Shops:
D:6 *   D:8 }

Annotations:
D:8 2 transporters


Innate Abilities, Weirdness & Mutations

You have razor-sharp teeth.
Your natural rate of healing is unusually fast.
When hurt, damage is shared between your health and your magic reserves.
Your bite disrupts and absorbs the magic of your enemies.
Potions cannot restore your health.
You are immune to rotting.


Message History

The killer bee stings you but does no damage.
Okay, then.
Okay, then.
As you read the scroll labeled RUEVET JIFEA, it crumbles to dust.
The scroll dissolves into smoke.
It was a scroll of fog.
You feel sick.
The killer bee stings you but does no damage.
The killer bee stings you.
* * * LOW HITPOINT WARNING * * *
The killer bee barely misses you.
The killer bee stings you but does no damage.
The killer bee stings you.
* * * LOW HITPOINT WARNING * * *
The killer bee completely misses you. The killer bee stings you.
* * * LOW HITPOINT WARNING * * *
The killer bee stings you but does no damage. x2
Your system rejects the healing.
You feel better.
The killer bee stings you but does no damage. x2
The killer bee stings you.
* * * LOW HITPOINT WARNING * * *
The killer bee closely misses you.
The killer bee stings you but does no damage. x5
Unknown command.
Unknown command.
Unknown command.
Okay, then.
As you read the scroll labeled RAKOON RETUST, it crumbles to dust.
You hear the sound of one hand clapping.
It was a scroll of random uselessness.
The killer bee barely misses you.
The killer bee stings you but does no damage. x2
The killer bee stings you.
* * * LOW HITPOINT WARNING * * *
The killer bee stings you.
* * * LOW HITPOINT WARNING * * *
The killer bee completely misses you. The killer bee closely misses you.
The killer bee barely misses you.
The killer bee stings you but does no damage.
Unknown command.
Unknown command.
Unknown command.
As you read the scroll labeled SEMUNNUOMI, it crumbles to dust.
The creatures around you are filled with an inner flame!
It was a scroll of immolation.
The killer bee stings you.
* * * LOW HITPOINT WARNING * * *
You are lethally poisoned!
The killer bee poisons you!
The killer bee stings you but does no damage.
The killer bee closely misses you.
The killer bee stings you but does no damage. x3
The killer bee stings you!
You die...

#.# #.## ##.# #.#
#.# ### #.# ##.y
#.# ##.y. ##§###
#.... #.§y@##
##.... #..#yyy##
#.y...
...####yyy##
#####y.... ...#
#.y.y####..y......
....
##...y..yyyy#.....
...
#......######....
.. ####......##
##...
#..........## ...
##..........# #..


You could see 7 killer bees.

Vanquished Creatures
  Gastronok (D:8)
  A two-headed ogre (D:8)
  A troll (D:9)
  2 water moccasins
  4 orc warriors
  3 ice beasts
  A sky beast (D:8)
  A black bear (D:8)
  2 phantoms
  2 ogres
  2 centaurs
  A big kobold (D:7)
  2 bullfrogs
  A water moccasin zombie (D:2)
  A scorpion (D:7)
  4 killer bees (D:7)
  A bullfrog zombie (D:5)
  2 centaur zombies
  4 hounds
  5 orc priests
  Jessica (D:4)
  Terence (D:3)
  2 iguanas
  6 worker ants
  A centaur skeleton (D:8)
  11 orc wizards
  Ijyb (D:5)
  2 hound skeletons
  3 gnolls (D:2)
  A worker ant zombie (D:6)
  12 adders
  4 ufetubi
  3 oozes
  2 adder skeletons
  2 adder zombies (D:7)
  3 worms
  8 leopard geckos
  38 orcs
  5 giant cockroaches
  6 goblins
  6 hobgoblins
  24 jackals
  8 kobolds
  12 quokkas
  6 bats
  4 frilled lizards
  A leopard gecko skeleton (D:4)
  2 leopard gecko zombies
  7 rats
223 creatures vanquished.

Vanquished Creatures (others)
  A plant (D:3)
  2 withered plants (D:3)
3 creatures vanquished.

Grand Total: 226 creatures vanquished

Notes
Turn   | Place    | Note
-------+----------+-------------------------------------------
     0 | D:1      | Apogee the Vine Stalker Fighter began the quest for the
                  | Orb.
     0 | D:1      | Reached XP level 1. HP: 11/11 MP: 2/2
   100 | D:1      | Reached XP level 2. HP: 14/16 MP: 3/3
   570 | D:1      | Reached XP level 3. HP: 20/20 MP: 4/4
  1594 | D:2      | Gained mutation: Your natural rate of healing is unusually
                  | fast. [Vine Stalker growth]
  1594 | D:2      | Reached XP level 4. HP: 24/24 MP: 5/5
  1704 | D:2      | Reached XP level 5. HP: 24/28 MP: 4/6
  2099 | D:3      | Noticed Terence
  2254 | D:3      | Reached XP level 6. HP: 33/33 MP: 7/7
  2278 | D:3      | Found an ancient bone altar of Kikubaaqudgha.
  2278 | D:3      | Found a blossoming altar of Fedhas.
  2501 | D:3      | Killed Terence
  2664 | D:3      | Noticed an orc warrior
  2705 | D:3      | Killed an orc warrior
  2705 | D:3      | Reached skill level 5 in Short Blades
  3035 | D:4      | Reached XP level 7. HP: 38/38 MP: 6/8
  3314 | D:4      | Noticed Jessica
  3332 | D:4      | Killed Jessica
  3338 | D:4      | Found a shimmering blue altar of Sif Muna.
  3658 | D:5      | Entered Level 5 of the Dungeon
  3660 | D:5      | Reached skill level 5 in Fighting
  3740 | D:5      | Found a staircase to the Ecumenical Temple.
  3741 | D:5      | Noticed Ijyb
  3747 | D:5      | Paralysed by Ijyb for 3 turns
  3755 | D:5      | Killed Ijyb
  3758 | D:5      | Gained mutation: You have razor-sharp teeth. [Vine Stalker
                  | growth]
  3758 | D:5      | Reached XP level 8. HP: 43/43 MP: 9/9
  3784 | Temple   | Entered the Ecumenical Temple
  3931 | Temple   | Became a worshipper of Warmaster Okawaru
  4374 | D:5      | Found an iron altar of Okawaru.
  4987 | D:6      | Reached * piety under Okawaru
  5029 | D:6      | Found Sapt's Assorted Antiques.
  5360 | D:6      | Reached XP level 9. HP: 44/48 MP: 10/10
  6048 | D:7      | Found a sacrificial altar of Ru.
  6050 | D:7      | Found a radiant altar of Vehumet.
  6055 | D:7      | Found an opulent altar of Gozag.
  6056 | D:7      | Found a white marble altar of Elyvilon.
  6057 | D:7      | Found a glowing silver altar of Zin.
  6060 | D:7      | Found a shadowy altar of Dithmenos.
  6455 | D:8      | Noticed a two-headed ogre
  6749 | D:7      | Reached ** piety under Okawaru
  6788 | D:8      | Reached skill level 1 in Invocations
  7067 | D:8      | Killed a two-headed ogre
  7067 | D:8      | Reached XP level 10. HP: 56/56 MP: 13/16
  7123 | D:8      | Found a transporter.
  7123 | D:8      | Found a corrupted altar of Lugonu.
  7123 | D:8      | Noticed a brown ugly thing
  7123 | D:8      | Noticed a cyan ugly thing
  7123 | D:8      | Noticed a brown ugly thing
  7169 | D:8      | Found Ossosano's Gadget Shoppe.
  7178 | D:8      | Noticed Gastronok
  7245 | D:8      | Killed Gastronok
  7245 | D:8      | Reached *** piety under Okawaru
  7245 | D:8      | Reached **** piety under Okawaru
  7317 | D:8      | Bought a condenser vane (2/2) for 260 gold pieces
  7416 | D:8      | Identified the Tome of Hurtful Curses
  7425 | D:8      | Found a transporter.
  7601 | D:9      | Reached skill level 1 in Evocations
  7692 | D:9      | Found an iron altar of Okawaru.
  7785 | D:9      | Found a shadowy altar of Dithmenos.
  8005 | D:9      | HP: 1/56 [killer bee (2)]
  8006 | D:9      | Mangled by a killer bee

Illustrated notes

Levels and vault maps discovered:
D:1:      lemuel_arrival_behind_the_door_small, layout_basic
D:2:      layout_loops_ring
D:3:      layout_rooms, grunt_temple_overflow_growth_and_decay, uniq_terence
D:4:      layout_rooms, minmay_tree_intersection, grunt_decor_resistance,
          tgw_sif
D:5:      layout_basic, minmay_temple_entry_overgrown, okawaru_trees_1,
          uniq_ijyb
D:6:      layout_basic, serial_shops, shop
D:7:      layout_loops_ring, minitemple
D:8:      gammafunk_corrupted_shrine, layout_cave_pools, serial_shops, shop,
          hangedman_abyss_or_decor_jellyfish_corner, uniq_gastronok
D:9:      layout_cave_pods, kennysheep_little_box, special_room
          [special_room_bee], hangedman_feature_mirror
Temple:   dshaligram_water_room_temple

Skill      XL: |  1  2  3  4  5  6  7  8  9 10 |
---------------+-------------------------------+-----
Short Blades   | 2 3 4 5 7 8 |  8.0
Fighting       | 3 4 5 6 8 |  8.0
Armour         | 4 |  4.0
Invocations    | 6 8 |  8.0
Dodging        | 4 |  4.0
Evocations     | 2 |  2.7
Shields        | |  2.6

Action                   |  1- 3 |  4- 6 |  7- 9 | 10-12 || total
-------------------------+-------+-------+-------+-------++-------
Melee: Rapier            |    98 |    61 |       |       ||   159
       Bite              |    22 |    52 |   167 |    38 ||   279
       Dagger            |       |   115 |   484 |    89 ||   688
       Punch             |       |       |     1 |       ||     1
Invok: Heroism           |       |       |     2 |     2 ||     4
Evoke: Wand              |       |       |     3 |       ||     3
  Use: Potion            |       |       |     2 |     1 ||     3
       Scroll            |       |       |       |     3 ||     3
 Stab: Paralysed         |       |       |     2 |       ||     2
Armor: Scale mail        |    45 |    78 |    59 |       ||   182
       Chain mail        |       |       |   117 |    62 ||   179
Dodge: Dodged            |    61 |    83 |   167 |    48 ||   359
Block: Kite shield       |    10 |       |       |       ||    10

Table legend: (Time is in decaauts)
 A = Elapsed time spent in this place.
 B = Non-inter-level travel time spent in this place.
 C = Inter-level travel time spent in this place.
 D = Time resting spent in this place.
 E = Time spent auto-exploring this place.
 F = Levels seen in this place.
 G = Mean time per level.
                   A        B        C        D        E       F      G
               +--------+--------+--------+--------+--------+-----+--------+
         Total |   7776 |   7226 |    550 |    951 |   4718 |  10 |  777.6 |
       Dungeon |   7612 |   7114 |    498 |    951 |   4609 |   9 |  845.8 |
        Temple |    163 |    111 |     52 |      0 |    109 |   1 |  163.0 |
               +--------+--------+--------+--------+--------+-----+--------+

Top non-repeatable levels by time:
     D:1: 1407 daAuts
     D:7: 1150 daAuts
     D:5: 967 daAuts
     D:2: 853 daAuts
     D:6: 733 daAuts
     D:3: 731 daAuts
     D:8: 729 daAuts
     D:4: 627 daAuts
     D:9: 412 daAuts
  Temple: 163 daAuts
